PCL
MEXICO CITY CERVECEROS @ SAN JOSE MISSIONS
07/31/2027
 
TOP OF THE 1ST
Mexico City Cerveceros batting - Pitching for San Jose Missions : RHP José Reyes
Pitching: RHP José Reyes
Batting: RHB Claudio Souza 0-0: Foul Ball, location: 2F
0-1: Called Strike
0-2: Strikes out swinging
Batting: RHB Robert Johnson 0-0: Ball
1-0: Ground out 5-3 (Groundball, 5)
Batting: RHB Randy Sheppard 0-0: Ball
1-0: Foul Ball, location: 2F
1-1: Called Strike
1-2: SINGLE (Line Drive, 7LM)
Batting: RHB Juan Jose Guevana 0-0: Ball
1-0: Called Strike
1-1: Called Strike
1-2: 2-RUN HOME RUN (Flyball, 7D), Distance : 377 ft
Batting: RHB Hamilton Holbrook 0-0: Ball
1-0: Called Strike
1-1: Foul Ball, location: 2F
1-2: Strikes out swinging
Top of the 1st over - 2 run(s), 2 hit(s), 0 error(s), 0 left on base; Mexico City 2 - San Jose 0
BOTTOM OF THE 1ST
San Jose Missions batting - Pitching for Mexico City Cerveceros : RHP Clarence Allen
Pitching: RHP Clarence Allen
Batting: LHB Phil Cantrell 0-0: Swinging Strike
0-1: Swinging Strike
0-2: Foul Ball, location: 2F
0-2: Ball
1-2: Fly out, F9 (Flyball, 9LDF)
Batting: RHB Ed Starr 0-0: Ball
1-0: Ball
2-0: Ball
3-0: Base on Balls
Batting: RHB Dale Taylor 0-0: Ball
1-0: SINGLE (Line Drive, 7S)
Ed Starr to second
Batting: RHB Bob Orr 0-0: Ball
1-0: Swinging Strike
1-1: DOUBLE (Line Drive, 9D)
Ed Starr scores
Dale Taylor to third
Batting: RHB Chang-geun Kim 0-0: Ball
1-0: Ball
2-0: SINGLE (Flyball, 8RS)
Dale Taylor scores
Bob Orr to third
Batting: RHB Sadao Kato 0-0: Ball
Chang-geun Kim steals 2nd base
1-0: Foul Ball, location: 2F
1-1: Called Strike
1-2: Foul Ball, location: 2F
1-2: Ball
2-2: Ball
3-2: Foul Ball, location: 2F
3-2: Foul Ball, location: 2F
3-2: Foul Ball, location: 2F
3-2: Ground out 4-3 (Groundball, 34)
Bob Orr scores
Chang-geun Kim to third
Batting: LHB Miguel Montés 0-0: Ball
1-0: Foul Ball, location: 2F
1-1: Ball
2-1: DOUBLE (Flyball, 8LXD)
Chang-geun Kim scores
Batting: RHB Peter Bishop 0-0: Called Strike
0-1: Foul Ball, location: 2F
0-2: Foul Ball, location: 2F
0-2: Ball
1-2: Ball
2-2: SINGLE (Groundball, 34D)
Miguel Montés to third
Runner from 3rd tries for Home, SAFE, no throw
Batting: LHB Wilson Vecino 0-0: Ball
1-0: Ball
Wild Pitch!
Peter Bishop to second
2-0: Called Strike
2-1: Swinging Strike
2-2: Ball
3-2: Foul Ball, location: 2F
3-2: Foul Ball, location: 2F
3-2: Fly out, F8 (Flyball, 8LM)
Bottom of the 1st over - 5 run(s), 5 hit(s), 0 error(s), 1 left on base; Mexico City 2 - San Jose 5
TOP OF THE 2ND
Mexico City Cerveceros batting - Pitching for San Jose Missions : RHP José Reyes
Batting: RHB Robinson Pacheco 0-0: Called Strike
0-1: Called Strike
0-2: Strikes out swinging
Batting: RHB Dave Morgan 0-0: Called Strike
0-1: Ball
1-1: Ball
2-1: Foul Ball, location: 2F
2-2: Fly out, F7 (Line Drive, 78M)
Batting: LHB Gary Kern 0-0: Ball
1-0: Foul Ball, location: 2F
1-1: Called Strike
1-2: Foul Ball, location: 2F
1-2: Foul Ball, location: 2F
1-2: Ball
2-2: Foul Ball, location: 2F
2-2: Ball
3-2: Foul Ball, location: 2F
3-2: Foul Ball, location: 2F
3-2: Ground out 4-3 (Groundball, 4)
Top of the 2nd over - 0 run(s), 0 hit(s), 0 error(s), 0 left on base; Mexico City 2 - San Jose 5
BOTTOM OF THE 2ND
San Jose Missions batting - Pitching for Mexico City Cerveceros : RHP Clarence Allen
Batting: LHB Phil Cantrell 0-0: Ball
1-0: Fly out, F2 (Popup, 3S)
Batting: RHB Ed Starr 0-0: Ball
1-0: Foul Ball, location: 2F
1-1: Called Strike
1-2: Ball
2-2: Strikes out swinging
Batting: RHB Dale Taylor 0-0: Ball
1-0: Called Strike
1-1: Foul Ball, location: 2F
1-2: Ground out 5-3 (Groundball, 5S)
Bottom of the 2nd over - 0 run(s), 0 hit(s), 0 error(s), 0 left on base; Mexico City 2 - San Jose 5
TOP OF THE 3RD
Mexico City Cerveceros batting - Pitching for San Jose Missions : RHP José Reyes
Batting: LHB Juan García 0-0: Ball
1-0: SINGLE (Flyball, 7S)
Batting: RHB Claudio Souza 0-0: Ball
1-0: Called Strike
1-1: Swinging Strike
1-2: Ball
2-2: 2-RUN HOME RUN (Line Drive, 78D), Distance : 414 ft
Batting: RHB Robert Johnson 0-0: Fly out, F2 (Popup, 56S)
Batting: RHB Randy Sheppard 0-0: SINGLE (Line Drive, 5D)
Batting: RHB Juan Jose Guevana 0-0: Called Strike
0-1: Foul Ball, location: 2F
0-2: Ball
1-2: Ball
2-2: Strikes out looking
Batting: RHB Hamilton Holbrook 0-0: Called Strike
0-1: Ball
1-1: Ball
2-1: Swinging Strike
2-2: Ball
3-2: Base on Balls
Randy Sheppard to second
Batting: RHB Robinson Pacheco 0-0: Ball
1-0: Foul Ball, location: 2F
1-1: Swinging Strike
1-2: Foul Ball, location: 2F
1-2: Ground out 5-3 (Groundball, 56)
Top of the 3rd over - 2 run(s), 3 hit(s), 0 error(s), 2 left on base; Mexico City 4 - San Jose 5
BOTTOM OF THE 3RD
San Jose Missions batting - Pitching for Mexico City Cerveceros : RHP Clarence Allen
Batting: RHB Bob Orr 0-0: Called Strike
0-1: Ball
1-1: Foul Ball, location: 2F
1-2: Ball
2-2: Fly out, F7 (Line Drive, 78M)
Batting: RHB Chang-geun Kim 0-0: Called Strike
0-1: Fly out, F8 (Flyball, 8RD)
Batting: RHB Sadao Kato 0-0: Called Strike
0-1: Foul Ball, location: 2F
0-2: Ground out 6-3 (Groundball, 6)
Bottom of the 3rd over - 0 run(s), 0 hit(s), 0 error(s), 0 left on base; Mexico City 4 - San Jose 5
TOP OF THE 4TH
Mexico City Cerveceros batting - Pitching for San Jose Missions : RHP José Reyes
Batting: RHB Dave Morgan 0-0: Ball
1-0: Called Strike
1-1: Ball
2-1: Foul Ball, location: 2F
2-2: Foul Ball, location: 2F
2-2: Ball
3-2: Foul Ball, location: 2F
3-2: Strikes out swinging
Batting: LHB Gary Kern 0-0: Ball
1-0: Called Strike
1-1: Swinging Strike
1-2: Ball
2-2: Ball
3-2: Foul Ball, location: 2F
3-2: Base on Balls
Batting: LHB Juan García 0-0: Called Strike
0-1: Ball
1-1: Foul Ball, location: 2F
1-2: Strikes out swinging
Batting: RHB Claudio Souza 0-0: Fly out, F8 (Flyball, 8RS)
Top of the 4th over - 0 run(s), 0 hit(s), 0 error(s), 1 left on base; Mexico City 4 - San Jose 5
BOTTOM OF THE 4TH
San Jose Missions batting - Pitching for Mexico City Cerveceros : RHP Clarence Allen
Batting: LHB Miguel Montés 0-0: Called Strike
0-1: Ball
1-1: Called Strike
1-2: Ball
2-2: Ball
3-2: Base on Balls
Batting: RHB Peter Bishop 0-0: Ball
1-0: Ball
2-0: Called Strike
2-1: Ball
3-1: Base on Balls
Miguel Montés to second
Batting: LHB Wilson Vecino 0-0: Foul Ball, location: 2F
0-1: Foul Ball, location: 2F
0-2: Ball
1-2: SINGLE (Flyball, 7S)
Miguel Montés to third
Peter Bishop to second
Runner from 3rd tries for Home, SAFE, no throw
Pitching: RHP Tex Perkins
Batting: LHB Phil Cantrell 0-0: Ball
1-0: Fly out, F8 (Flyball, 8RM)
Batting: RHB Ed Starr 0-0: Swinging Strike
0-1: Ball
1-1: Ball
2-1: Ball
3-1: Base on Balls
Peter Bishop to third
Wilson Vecino to second
Batting: RHB Dale Taylor 0-0: Ball
1-0: Grounds into fielders choice 1-2 (Groundball, 15)
Wilson Vecino to third
Ed Starr to second
Batting: RHB Bob Orr 0-0: Called Strike
0-1: Ball
1-1: Ball
2-1: Ground out U3 (Groundball, 34S)
Bottom of the 4th over - 1 run(s), 1 hit(s), 0 error(s), 3 left on base; Mexico City 4 - San Jose 6
TOP OF THE 5TH
Mexico City Cerveceros batting - Pitching for San Jose Missions : RHP José Reyes
Batting: RHB Robert Johnson 0-0: Ball
1-0: Ground out 6-3 (Groundball, 6)
Batting: RHB Randy Sheppard 0-0: Ball
1-0: Swinging Strike
1-1: Swinging Strike
1-2: Ball
2-2: Foul Ball, location: 2F
2-2: Ball
3-2: DOUBLE (Groundball, 5L)
Batting: RHB Juan Jose Guevana 0-0: Foul Ball, location: 2F
0-1: Called Strike
0-2: Ball
1-2: Ground out 6-3 (Groundball, 6)
Batting: RHB Hamilton Holbrook 0-0: Foul Ball, location: 2F
0-1: Called Strike
0-2: Strikes out looking
Top of the 5th over - 0 run(s), 1 hit(s), 0 error(s), 1 left on base; Mexico City 4 - San Jose 6
BOTTOM OF THE 5TH
San Jose Missions batting - Pitching for Mexico City Cerveceros : RHP Tex Perkins
Batting: RHB Chang-geun Kim 0-0: Called Strike
0-1: Called Strike
0-2: Hit by Pitch
Batting: RHB Sadao Kato 0-0: Reached on error, E8 (Flyball, 8LD)
Chang-geun Kim to third
Batting: LHB Miguel Montés 0-0: Called Strike
0-1: Ball
1-1: 3-RUN HOME RUN (Flyball, 9D), Distance : 393 ft
Pitching: RHP Raúl Gómez
Batting: RHB Peter Bishop 0-0: Ball
1-0: Foul Ball, location: 2F
1-1: Foul Ball, location: 2F
1-2: SINGLE (Groundball, 56D)
Batting: LHB Wilson Vecino 0-0: Ball
1-0: Ball
2-0: Foul Ball, location: 2F
2-1: Foul Ball, location: 2F
2-2: Ball
3-2: Strikes out swinging
Peter Bishop is caught stealing 2nd base
Batter strikes out.
Batting: LHB Phil Cantrell 0-0: Called Strike
0-1: Foul Ball, location: 2F
0-2: Ball
1-2: Fly out, F3 (Popup, 3L)
Bottom of the 5th over - 3 run(s), 2 hit(s), 1 error(s), 0 left on base; Mexico City 4 - San Jose 9
TOP OF THE 6TH
Mexico City Cerveceros batting - Pitching for San Jose Missions : RHP José Reyes
Batting: RHB Robinson Pacheco 0-0: Ball
1-0: Ball
2-0: Ball
3-0: Called Strike
3-1: Foul Ball, location: 2F
3-2: Fly out, F4 (Popup, 34D)
Pitching: RHP Micheal Wood
Batting: RHB Dave Morgan 0-0: Ball
1-0: Called Strike
1-1: Swinging Strike
1-2: Ground out 5-3 (Groundball, 5)
Batting: LHB Gary Kern 0-0: Ball
1-0: Swinging Strike
1-1: Ball
2-1: Ball
3-1: Base on Balls
Batting: LHB Juan García 0-0: Ball
1-0: Called Strike
1-1: Called Strike
1-2: Ball
2-2: Foul Ball, location: 2F
2-2: Fly out, F9 (Flyball, 9)
Top of the 6th over - 0 run(s), 0 hit(s), 0 error(s), 1 left on base; Mexico City 4 - San Jose 9
BOTTOM OF THE 6TH
San Jose Missions batting - Pitching for Mexico City Cerveceros : RHP Raúl Gómez
Batting: RHB Ed Starr 0-0: Foul Ball, location: 2F
0-1: Ball
1-1: Foul Ball, location: 2F
1-2: Foul Ball, location: 2F
1-2: Foul Ball, location: 2F
1-2: Foul Ball, location: 2F
1-2: Ball
2-2: Ground out 6-3 (Groundball, 6M)
Batting: RHB Dale Taylor 0-0: Ball
1-0: Foul Ball, location: 2F
1-1: Ball
2-1: Swinging Strike
2-2: Strikes out swinging
Batting: RHB Bob Orr 0-0: Ball
1-0: Called Strike
1-1: Ball
2-1: Foul Ball, location: 2F
2-2: Ball
3-2: Base on Balls
Batting: RHB Chang-geun Kim 0-0: Called Strike
0-1: Ball
1-1: Ball
2-1: Ball
3-1: Called Strike
3-2: Base on Balls
Bob Orr to second
Batting: RHB Sadao Kato 0-0: Called Strike
0-1: Ball
1-1: Called Strike
1-2: Ball
2-2: Ball
3-2: Base on Balls
Bob Orr to third
Chang-geun Kim to second
Pitching: RHP Gil Dickson
Batting: LHB Miguel Montés 0-0: Fly out, F7 (Flyball, 7D)
Bottom of the 6th over - 0 run(s), 0 hit(s), 0 error(s), 3 left on base; Mexico City 4 - San Jose 9
TOP OF THE 7TH
Mexico City Cerveceros batting - Pitching for San Jose Missions : RHP Micheal Wood
Batting: RHB Claudio Souza 0-0: Called Strike
0-1: DOUBLE (Flyball, 78XD)
Batting: RHB Robert Johnson 0-0: SINGLE (Groundball, 56D)
Claudio Souza to third
Batting: RHB Randy Sheppard 0-0: Called Strike
0-1: Ball
1-1: Ball
2-1: Called Strike
2-2: Ball
3-2: Foul Ball, location: 2F
3-2: Base on Balls
Robert Johnson to second
Batting: RHB Juan Jose Guevana 0-0: Swinging Strike
0-1: Called Strike
0-2: Strikes out swinging
Batting: RHB Hamilton Holbrook 0-0: Ball
1-0: Ball
2-0: Ball
3-0: Base on Balls
Claudio Souza scores
Robert Johnson to third
Randy Sheppard to second
Batting: RHB Robinson Pacheco 0-0: Swinging Strike
0-1: Ball
1-1: Foul Ball, location: 2F
1-2: Ball
2-2: GRAND SLAM HOME RUN (Flyball, 8LXD), Distance : 439 ft
Pitching: RHP Mark Bidwell
Batting: RHB Dave Morgan 0-0: Foul Ball, location: 2F
0-1: Called Strike
0-2: Strikes out looking
Batting: LHB Gary Kern 0-0: Called Strike
0-1: Swinging Strike
0-2: Ball
1-2: Ball
2-2: Ball
3-2: SINGLE (Line Drive, 6D)
Batting: LHB Juan García 0-0: Ball
1-0: Swinging Strike
1-1: Called Strike
1-2: Ball
2-2: Ball
3-2: Base on Balls
Gary Kern to second
Pinch Hitting: RHB Dennis Stephenson 0-0: Called Strike
0-1: Ball
1-1: Fly out, F9 (Flyball, 89D)
Top of the 7th over - 5 run(s), 4 hit(s), 0 error(s), 2 left on base; Mexico City 9 - San Jose 9
BOTTOM OF THE 7TH
San Jose Missions batting - Pitching for Mexico City Cerveceros : RHP Gil Dickson
Now at SS: Javier Escobedo
Pinch Hitting: LHB Arturo Rivera 0-0: Called Strike
0-1: Ball
1-1: Ball
2-1: Fly out, F7 (Flyball, 7)
Pitching: LHP Rubén Rico
Batting: LHB Wilson Vecino 0-0: Foul Ball, location: 2F
0-1: Ball
1-1: Called Strike
1-2: Strikes out swinging
Pitching: RHP Dae-hee Ch'oe
Batting: LHB Phil Cantrell 0-0: Called Strike
0-1: Ball
1-1: Ground out U3 (Groundball, 34)
Bottom of the 7th over - 0 run(s), 0 hit(s), 0 error(s), 0 left on base; Mexico City 9 - San Jose 9
TOP OF THE 8TH
Mexico City Cerveceros batting - Pitching for San Jose Missions : RHP Mark Bidwell
Now at SS: Bobby Brewster
Batting: RHB Robert Johnson 0-0: Called Strike
0-1: Foul Ball, location: 2F
0-2: Foul Ball, location: 2F
0-2: Foul Ball, location: 2F
0-2: Ball
1-2: Ball
2-2: Strikes out swinging
Batting: RHB Randy Sheppard 0-0: Ball
1-0: Called Strike
1-1: TRIPLE (Line Drive, 8RXD)
Batting: RHB Juan Jose Guevana 0-0: Ball
1-0: Swinging Strike
1-1: Foul Ball, location: 2F
1-2: Foul Ball, location: 2F
1-2: Strikes out looking
Batting: RHB Hamilton Holbrook 0-0: Called Strike
0-1: Swinging Strike
0-2: Strikes out swinging
Top of the 8th over - 0 run(s), 1 hit(s), 0 error(s), 1 left on base; Mexico City 9 - San Jose 9
BOTTOM OF THE 8TH
San Jose Missions batting - Pitching for Mexico City Cerveceros : RHP Dae-hee Ch'oe
Batting: RHB Ed Starr 0-0: Ball
1-0: Called Strike
1-1: Called Strike
1-2: Ball
2-2: Foul Ball, location: 2F
2-2: Ball
3-2: Foul Ball, location: 2F
3-2: Foul Ball, location: 2F
3-2: Ground out 5-3 (Groundball, 56S)
Batting: RHB Dale Taylor 0-0: Ball
1-0: Called Strike
1-1: Ball
2-1: SINGLE (Groundball, 6MD)
Batting: RHB Bob Orr 0-0: Ball
1-0: Ball
2-0: Foul Ball, location: 2F
2-1: Foul Ball, location: 2F
2-2: Strikes out swinging
Batting: RHB Chang-geun Kim 0-0: Ball
1-0: Foul Ball, location: 2F
1-1: Foul Ball, location: 2F
1-2: Ball
2-2: Foul Ball, location: 2F
2-2: Foul Ball, location: 2F
2-2: Ball
3-2: Strikes out swinging
Bottom of the 8th over - 0 run(s), 1 hit(s), 0 error(s), 1 left on base; Mexico City 9 - San Jose 9
TOP OF THE 9TH
Mexico City Cerveceros batting - Pitching for San Jose Missions : RHP Mark Bidwell
Pitching: RHP Paul Lewis
Batting: RHB Robinson Pacheco 0-0: Called Strike
0-1: Ball
1-1: Fly out, F7 (Line Drive, 78M)
Batting: RHB Dave Morgan 0-0: Ball
1-0: Ball
2-0: Fly out, F9 (Flyball, 89S)
Batting: LHB Gary Kern 0-0: Ball
1-0: Called Strike
1-1: Ball
2-1: Ground out 6-3 (Groundball, 6MD)
Top of the 9th over - 0 run(s), 0 hit(s), 0 error(s), 0 left on base; Mexico City 9 - San Jose 9
BOTTOM OF THE 9TH
San Jose Missions batting - Pitching for Mexico City Cerveceros : RHP Dae-hee Ch'oe
Pitching: RHP Francisco Carrasco
Batting: RHB Sadao Kato 0-0: Called Strike
0-1: Foul Ball, location: 2F
0-2: Ball
1-2: Ground out 6-3 (Groundball, 6)
Batting: LHB Miguel Montés 0-0: Ball
1-0: Ball
2-0: Foul Ball, location: 2F
2-1: Foul Ball, location: 2F
2-2: Ball
3-2: Base on Balls
Pinch Hitting: RHB Andrew Benson 0-0: Ball
Miguel Montés steals 2nd base
1-0: Intentional Walk
Batting: LHB Wilson Vecino 0-0: Ball
1-0: Called Strike
Miguel Montés steals 3rd base
Andrew Benson to second
1-1: Intentional Walk
Batting: LHB Phil Cantrell 0-0: Called Strike
0-1: Called Strike
0-2: Foul Ball, location: 2F
0-2: Ball
1-2: Foul Ball, location: 2F
1-2: Grounds into fielders choice 3-2 (Groundball, 3)
Andrew Benson to third
Wilson Vecino to second
Pitching: RHP Jesús Mendoza
Batting: RHB Ed Starr 0-0: Foul Ball, location: 2F
0-1: Ball
1-1: Called Strike
1-2: Strikes out swinging
Bottom of the 9th over - 0 run(s), 0 hit(s), 0 error(s), 3 left on base; Mexico City 9 - San Jose 9
TOP OF THE 10TH
Mexico City Cerveceros batting - Pitching for San Jose Missions : RHP Paul Lewis
Now at SS: Goro Tanabe
Batting: LHB Juan García 0-0: Ball
1-0: Fly out, F4 (Popup, 4MD)
Pinch Hitting: LHB Domingo Cardona 0-0: Ball
1-0: Foul Ball, location: 2F
1-1: Foul Ball, location: 2F
1-2: Strikes out swinging
Batting: RHB Robert Johnson 0-0: SINGLE (Groundball, 34D)
Batting: RHB Randy Sheppard 0-0: Called Strike
0-1: Ball
1-1: Ball
2-1: Ball
3-1: Base on Balls
Robert Johnson to second
Batting: RHB Juan Jose Guevana 0-0: Swinging Strike
0-1: Foul Ball, location: 2F
0-2: SINGLE (Line Drive, 8LS)
Robert Johnson to third
Randy Sheppard to second
Runner from 3rd tries for Home, SAFE, throw made home
Randy Sheppard to third
Juan Jose Guevana to second
Batting: RHB Hamilton Holbrook 0-0: Ball
1-0: Called Strike
1-1: Foul Ball, location: 2F
1-2: Strikes out swinging
Top of the 10th over - 1 run(s), 2 hit(s), 0 error(s), 2 left on base; Mexico City 10 - San Jose 9
BOTTOM OF THE 10TH
San Jose Missions batting - Pitching for Mexico City Cerveceros : RHP Jesús Mendoza
Pitching: RHP Clint Tancock
Now at SS: Jeremy Camanho
Batting: RHB Dale Taylor 0-0: Called Strike
0-1: Foul Ball, location: 2F
0-2: Strikes out swinging
Batting: RHB Bob Orr 0-0: Ground out 1-3 (Groundball, 15S)
Batting: RHB Chang-geun Kim 0-0: Called Strike
0-1: Foul Ball, location: 2F
0-2: Ball
1-2: Strikes out swinging
Bottom of the 10th over - 0 run(s), 0 hit(s), 0 error(s), 0 left on base; Mexico City 10 - San Jose 9
Thursday, March 30th, 2017 - OOTP Baseball 17.12 Build 75